 Dungeon Crawl Stone Soup version 0.22-a0-373-gab1296c (webtiles) character file.

47 Collin1234 the Skirmisher (level 3, 0/33 HPs)
             Began as a Hill Orc Fighter on Apr 25, 2018.
             Succumbed to an adder's poison
             ... on level 2 of the Dungeon.
             The game lasted 00:06:02 (1165 turns).

Collin1234 the Skirmisher (Hill Orc Fighter)        Turns: 1165, Time: 00:06:03

Health: 0/33       AC:  7    Str: 19    XL:     3   Next: 70%
Magic:  3/3        EV:  7    Int:  8    God:
Gold:   90         SH:  9    Dex: 10    Spells: 2/2 levels left

rFire    . . .     SeeInvis .   g - +0 flail
rCold    . . .     Gourm    .   c - +0 shield
rNeg     . . .     Faith    .   j - +0 scale mail (curse)
rPois    .         Spirit   .   (no helmet)
rElec    .         Reflect  .   (no cloak)
rCorr    .         Harm     .   (no gloves)
MR       .....                  (no boots)
Stlth    ..........             (no amulet)
HPRegen  0.11/turn              (no ring)
MPRegen  0.08/turn              (no ring)

@: lethally poisoned (0 -> -13)
A: no striking features
a: no special abilities


You were on level 2 of the Dungeon.
You were not hungry.

You visited 1 branch of the dungeon, and saw 2 of its levels.

You collected 90 gold pieces.

Inventory:

Hand Weapons
 a - a +0 rapier
 g - a +0 flail (weapon)
Missiles
 h - 19 sling bullets
 i - 36 stones (quivered)
Armour
 b - a +0 scale mail
 c - a +0 shield (worn)
 j - a cursed +0 scale mail (worn)
 k - a +0 chain mail
 l - a +0 scale mail
Scrolls
 e - a scroll of amnesia {unknown}
 n - a scroll of magic mapping {unknown}
Potions
 d - a potion of might
 m - a potion of berserk rage {unknown}
Comestibles
 f - 3 rations


   Skills:
 + Level 4.2 Fighting
 + Level 2.1 Short Blades
 + Level 1.0 Maces & Flails
 + Level 0.4 Throwing
 + Level 3.7 Armour
 + Level 3.7 Shields


You had 2 spell levels left.
You didn't know any spells.

Dungeon Overview and Level Annotations

Branches:
Dungeon (2/15)

Altars:


Message History

You are more poisoned.
The adder poisons you! The adder bites you.
* * * LOW HITPOINT WARNING * * *
You are lethally poisoned!
The adder poisons you! The adder bites you but does no damage.
You sock the adder!
The adder is severely wounded.
* * * LOW HITPOINT WARNING * * *
You feel sick. The adder bites you.
* * * LOW HITPOINT WARNING * * *
You block the adder's attack. x2; The adder bites you.
* * * LOW HITPOINT WARNING * * *
You are more poisoned.
The adder poisons you!
* * * LOW HITPOINT WARNING * * *
You feel sick. The adder bites you but does no damage.
You block the adder's attack.
There is a stone staircase leading up here.
You see here 3 stones.
You die...

#.....
...$.######
.........#
........#
.......#
#......#
#.....(#
######S.S)..#
.......@....#
#############


You could see 2 adders.

Vanquished Creatures
  A gnoll (D:1)
  An adder (D:2)
  3 dart slugs (D:1)
  A giant cockroach (D:1)
  4 goblins
  3 hobgoblins (D:1)
  4 kobolds (D:1)
  A bat (D:1)
  A frilled lizard (D:1)
  3 rats (D:1)
22 creatures vanquished.

Notes
Turn   | Place    | Note
-------+----------+-------------------------------------------
     0 | D:1      | Collin1234 the Hill Orc Fighter began the quest for the Orb.
     0 | D:1      | Reached XP level 1. HP: 19/19 MP: 1/1
    47 | D:1      | Reached XP level 2. HP: 4/27 MP: 2/2
    79 | D:1      | Reached skill level 4 in Fighting
   490 | D:1      | Reached XP level 3. HP: 25/33 MP: 3/3
  1156 | D:2      | Reached skill level 1 in Maces & Flails
  1164 | D:2      | HP: 1/33 [poisoned by an adder]
  1165 | D:2      | Succumbed to an adder's poison

Vault maps used:
D:1:      lemuel_arrival_tunnels
D:2:      first_ration, corexii_item_surrounded_by_moat, grunt_gozag_statues

Skill      XL: |  1  2  3 |
---------------+----------+-----
Fighting       | 4 |  4.2
Maces & Flails | 1 |  1.0
Short Blades   | |  2.1
Throwing       | |  0.4
Armour         | |  3.7
Shields        | |  3.7

Action                   || total
-------------------------++-------
Melee: Rapier            ||    29
       Flail             ||    47
Throw: Stone             ||    34
  Eat: Ration            ||     1
Armor: Scale mail        ||    47
Dodge: Dodged            ||    39
Block: Shield            ||    73

Table legend:
 A = Spawn XP
 B = Non-spawn XP
 C = Spawn XP percentage of total XP
 D = Spawn monster count
 E = Non-spawn monster count
 F = Spawn count percentage of total count
 G = Total turns spent on level
                    A         B        C        D         E        F      G
               +---------+---------+-------+---------+---------+-------+---------
         Total |       0 |      68 |   0.0 |       0 |      22 |   0.0 |  1165
               +---------+---------+-------+---------+---------+-------+---------
           D:1 |       0 |      53 |   0.0 |       0 |      20 |   0.0 |  1147
           D:2 |       0 |      15 |   0.0 |       0 |       2 |   0.0 |    18
               +---------+---------+-------+---------+---------+-------+---------
